 Dungeon Crawl Stone Soup version 0.29.1-1-gd02db6906a (webtiles) character file.

Game seed: 6689579500642447847

1059 GeoRichter the Chiller (level 8, 0/56 HPs)
             Began as a Demonspawn Artificer on Oct 17, 2022.
             Was a Priest of Sif Muna.
             Slain by Maggie
             ... wielding a +2 vorpal morningstar
              (4 damage)
             ... on level 6 of the Dungeon.
             The game lasted 00:15:53 (6344 turns).

GeoRichter the Chiller (Demonspawn Artificer)       Turns: 6344, Time: 00:15:53

Health: 0/56       AC:  8    Str: 20    XL:     8   Next: 6%
Magic:  23/24      EV: 11    Int: 12    God:    Sif Muna [***...]
Gold:   209        SH:  0    Dex: 16    Spells: 14/17 levels left

rFire   . . .      SeeInvis +   e - +6 rapier of Jexikuputa {venom, *Slow Str+5 Dex+2 SInv}
rCold   . . .      Faith    .   (no shield)
rNeg    . . .      Spirit   .   m - +1 leather armour "Zyroiji" {Rampage MP+9}
rPois   .          Reflect  .   y - +1 helmet
rElec   .          Harm     .   a - +0 cloak
rCorr   .          Rampage  +   t - +0 pair of gloves
Will    .....                   (no boots)
Stlth   ++........              (no amulet)
HPRegen 0.18/turn               (no ring)
MPRegen 0.19/turn               (no ring)

@: mesmerised
A: demonic guardian 2, sturdy frame 1, demonic touch 2
a: Renounce Religion, Channel Magic, Forget Spell


You were on level 6 of the Dungeon.
You worshipped Sif Muna.
Sif Muna was most pleased with you.
You visited 1 branch of the dungeon, and saw 6 of its levels.
You also visited: Sewer.

You collected 319 gold pieces.
You spent 110 gold pieces at shops.

Inventory:

Hand Weapons
 e - the +6 rapier of Jexikuputa (weapon) {venom, *Slow Str+5 Dex+2 SInv}
   (You found it on level 3 of the Dungeon)

   It poisons the flesh of those it strikes.
   Str:       It affects your strength (+5).
   Dex:       It affects your dexterity (+2).
   SInv:      It lets you see invisible.
   *Slow:     It may slow you when you take damage.
Armour
 a - a +0 cloak (worn)
   (You found it on level 1 of the Dungeon)
 m - the +1 leather armour "Zyroiji" (worn) {Rampage MP+9}
   (You found it on level 5 of the Dungeon)

   MP:        It affects your magic capacity (+9).
   Rampage:   It bestows one free step when moving towards enemies.
 t - a +0 pair of gloves (worn)
   (You found it on level 4 of the Dungeon)
 y - a +1 helmet (worn)
   (You took it off Robin on level 4 of the Dungeon)
 A - a +0 ring mail of fire resistance
   (You found it on level 5 of the Dungeon)
 D - the +11 scale mail of the Old and Reckless {Regen+ rCorr Dex+2}
   (You found it in a sewer)

   Dex:       It affects your dexterity (+2).
   Regen:     It increases your rate of health regeneration.
   rCorr:     It protects you from acid and corrosion.
Jewellery
 s - a ring of see invisible
   (You found it on level 4 of the Dungeon)
 v - an amulet of guardian spirit
   (You took it off a gnoll on level 4 of the Dungeon)
 F - a +6 ring of intelligence
   (You found it in a sewer)
Wands
 d - a wand of charming (10)
 x - a wand of polymorph (6)
   (You took it off a goblin on level 4 of the Dungeon)
 C - a wand of flame (12)
   (You found it in a sewer)
Scrolls
 b - a scroll of noise {unknown}
 c - a scroll of torment {unknown}
 g - a scroll of vulnerability {unknown}
 h - 4 scrolls of identify {unknown}
 k - 2 scrolls of teleportation {unknown}
 l - a scroll of enchant armour {unknown}
 n - 2 scrolls of fear {unknown}
 r - a scroll of brand weapon {unknown}
 w - a scroll of amnesia {unknown}
 E - a scroll of magic mapping {unknown}
Potions
 f - a potion of magic {unknown}
 i - a potion of berserk rage {unknown}
 o - a potion of flight {unknown}
 p - a potion of degeneration {unknown}
 q - a potion of curing {unknown}
 u - a potion of attraction {unknown}
 z - a potion of mutation {unknown}
 B - a potion of cancellation {unknown}


   Skills:
 - Level 1.9 Fighting
 - Level 1.7 Armour
 - Level 0.8 Dodging
 - Level 0.8 Stealth
 + Level 5.1 Spellcasting
 * Level 5.9 Ice Magic
 - Level 4.0 Evocations


You had 14 spell levels left.
You knew the following spells:

 Your Spells              Type           Power      Damage    Failure   Level
a - Frozen Ramparts       Ice            34%        1d6       5%          3

Your spell library contained the following spells:

 Spells                   Type           Power      Damage    Failure   Level
 Freeze                   Ice            68%        1d8       1%          1
 Gell's Gravitas          Tloc           3%         N/A       52%         3
 Lesser Beckoning         Tloc           3%         N/A       52%         3
 Teleport Other           Tloc           3%         N/A       52%         3
 Hailstorm                Conj/Ice       10%        3d5       52%         4


Dungeon Overview and Level Annotations

Branches:
Dungeon (6/15) Zot: 26760   Sewer (visited)
 Temple: D:4-7

Altars:
Sif Muna
Yredelemnul

Shops:
D:4 !

Annotations:
D:6 Maggie


Innate Abilities, Weirdness & Mutations

A demonic guardian rushes to your aid.
Your movements are slightly less encumbered by armour. (ER -2)
Your touch may inflict irresistible damage on your foes.


Message History

Maggie shouts!
Maggie zaps a wand.
The mass of ice explodes!
The iceblast engulfs you!
You hear an angry hiss.
Maggie casts a spell at you. The bolt of fire hits you!!
Maggie mumbles some strange words.
Maggie attempts to bespell you! You resist with almost no effort.
An adder comes into view.
You don't know that spell.
You can't see any susceptible monsters within range! (Use Z to cast anyway.)
The walls around you are covered in ice.
Okay, then.
You feel much better.
The wall freezes Maggie.
Maggie gestures wildly while chanting.
Maggie attempts to bespell you! You resist with some effort.
The wall freezes Maggie but does no damage.
You puncture Maggie!
Maggie is poisoned.
The wall freezes Maggie but does no damage.
Maggie hits you with a +2 vorpal morningstar.
The wall freezes Maggie.
Maggie hits you with a +2 vorpal morningstar!
A demonic guardian appears!
You puncture Maggie!
Maggie looks as sick as possible!
The wall freezes Maggie.
Maggie gestures wildly while chanting.
Maggie attempts to bespell you!
You are mesmerised by Maggie!
You puncture Maggie!
The frozen ramparts melt away.
Maggie hits you with a +2 vorpal morningstar!
* * * LOW HITPOINT WARNING * * *
* * * LOW HITPOINT WARNING * * *
You cannot move away from Maggie!
Okay, then.
You feel much better. Maggie gestures at you while chanting.
The bolt of fire hits you!!
Ouch! That really hurt!
* * * LOW HITPOINT WARNING * * *
The bolt of fire misses your hellwing.
You feel much better.
Maggie hits you with a +2 vorpal morningstar!
* * * LOW HITPOINT WARNING * * *
* * * LOW HITPOINT WARNING * * *
Okay, then.
Okay, then.
You hit Maggie.
Maggie hits you with a +2 vorpal morningstar!
* * * LOW HITPOINT WARNING * * *
You die...

## #.# ########. #.# #.#
#.......# #.# #.# #.######. #
###.##### #.########.#######
..#.......## #.................
......#...####.#####.##..######
......@....##4# #.##..# #
#..#...#.##@# #.##..## #
#.........#@#####......# #
#.............S....#...#####
##<.......########.#........
#....................######
..######...###########.##.#....†
........#### #....#.####
..#####.# ###..#.# # #.# #..#.#
##


You could see Maggie (mesmerising, very poisoned, ally target) and a friendly
hellwing (summoned).

Vanquished Creatures
  A black bear (D:4)
  Blork the orc (D:4)
  A scorpion (D:5)
  3 bullfrogs
  3 necrophages
  A jelly (D:5)
  A hound (D:4)
  An iguana (D:5)
  Terence (D:3)
  An orc wizard (D:4)
  Robin (D:4)
  4 gnolls
  10 adders
  2 ufetubi
  A worm (D:2)
  2 dart slugs
  5 orcs
  6 ball pythons
  6 endoplasms
  17 giant cockroaches
  13 goblins
  11 hobgoblins
  4 jackals
  3 kobolds
  5 quokkas
  5 bats
  7 frilled lizards
  2 rats
118 creatures vanquished.

Vanquished Creatures (collateral kills)
  A phantom (D:4)
  An endoplasm (D:2)
  A jackal (D:2)
  A kobold (D:2)
  A rat (D:2)
5 creatures vanquished.

Vanquished Creatures (others)
  An endoplasm (D:1)
  A goblin (D:3)
  A quokka (D:4)
3 creatures vanquished.

Grand Total: 126 creatures vanquished

Notes
Turn   | Place    | Note
-------+----------+-------------------------------------------
     0 | D:1      | GeoRichter the Demonspawn Artificer began the quest for the
                  | Orb.
     0 | D:1      | Reached XP level 1. HP: 15/15 MP: 1/1
   300 | D:1      | Gained mutation: Your movements are slightly less
                  | encumbered by armour. (ER -2) [demonic ancestry]
   300 | D:1      | Reached XP level 2. HP: 21/21 MP: 2/2
   457 | D:1      | Found a faded altar of an unknown god.
   887 | D:1      | Reached XP level 3. HP: 16/27 MP: 3/3
  1290 | D:1      | Prayed at the altar of an unknown god.
  1290 | D:1      | Became a worshipper of Sif Muna the Loreminder
  1290 | D:1      | Reached * piety under Sif Muna
  1547 | D:2      | Reached skill level 1 in Spellcasting
  1953 | D:2      | Gained mutation: A weak demonic guardian rushes to your
                  | aid. [demonic ancestry]
  1953 | D:2      | Reached XP level 4. HP: 33/33 MP: 6/6
  2958 | D:3      | Noticed Terence
  2975 | D:3      | Killed Terence
  3030 | D:3      | Identified the +6 rapier of Jexikuputa {venom, *Slow Str+5
                  | Dex+2 SInv}
  3155 | D:3      | Learned a level 3 spell: Frozen Ramparts
  3471 | D:4      | Noticed a phantom
  3501 | D:4      | Killed a phantom
  3502 | D:4      | Reached skill level 1 in Ice Magic
  3502 | D:4      | Gained mutation: Your touch may inflict minor irresistible
                  | damage on your foes. [demonic ancestry]
  3502 | D:4      | Reached XP level 5. HP: 31/38 MP: 9/9
  3596 | D:4      | Noticed Blork the orc
  3610 | D:4      | Killed Blork the orc
  3611 | D:4      | Gained mutation: Your touch may inflict irresistible damage
                  | on your foes. [demonic ancestry]
  3611 | D:4      | Reached XP level 6. HP: 16/44 MP: 9/11
  3982 | D:4      | Noticed Robin
  4000 | D:4      | Reached ** piety under Sif Muna
  4008 | D:4      | Killed Robin
  4122 | D:4      | Reached XP level 7. HP: 44/49 MP: 13/13
  4321 | D:4      | Found Vuhy's Distillery.
  4326 | D:4      | Bought a potion of heal wounds for 55 gold pieces
  4326 | D:4      | Bought a potion of heal wounds for 55 gold pieces
  4582 | D:5      | Entered Level 5 of the Dungeon
  4872 | D:5      | Reached skill level 5 in Ice Magic
  5039 | D:5      | Found a glowing drain.
  5064 | Sewer    | Entered a sewer
  5292 | Sewer    | Reached *** piety under Sif Muna
  5312 | Sewer    | Reached skill level 5 in Spellcasting
  5524 | Sewer    | Identified the +11 scale mail of the Old and Reckless
                  | {Regen+ rCorr Dex+2}
  5777 | D:5      | Identified the +1 leather armour "Zyroiji" {Rampage MP+9}
  6132 | D:6      | Gained mutation: A demonic guardian rushes to your aid.
                  | [demonic ancestry]
  6132 | D:6      | Reached XP level 8. HP: 56/56 MP: 15/15
  6262 | D:6      | Found a basalt altar of Yredelemnul.
  6321 | D:6      | Noticed Maggie
  6344 | D:6      | Slain by Maggie

Illustrated notes

Levels and vault maps discovered:
D:1:      minmay_arrival_glassed_features, layout_basic,
          hellmonk_ecumenical_altar_leap_of_faith
D:2:      layout_basic, nrook_uturn
D:3:      layout_rooms, uniq_terence
D:4:      layout_rooms, serial_shops, nicolae_shop_hallway_plus,
          uniq_blork_the_orc, uniq_robin
D:5:      layout_basic, gup_sewer_entry_glass
D:6:      layout_loops_ring, okawaru_ov_weapons_minmay,
          mainiacjoe_overflow_alcove_4, minmay_temple_entry_overgrown,
          uniq_maggie

Skill      XL: |  1  2  3  4  5  6  7 |
---------------+----------------------+-----
Evocations     | 4 |  4.0
Spellcasting   | 1 3 4 5 |  5.1
Ice Magic      | 1 2 4 5 |  5.9
Fighting       | |  1.9
Armour         | |  1.7
Dodging        | |  0.8
Stealth        | |  0.8

Action                   |  1- 3 |  4- 6 |  7- 9 || total
-------------------------+-------+-------+-------++-------
Melee: Club              |    23 |       |       ||    23
       Whip              |    57 |       |       ||    57
       Punch             |     2 |       |     3 ||     5
       Mace              |    22 |    41 |       ||    63
       Rapier            |       |    72 |    69 ||   141
       Touch             |       |    11 |    10 ||    21
 Cast: Frozen Ramparts   |       |       |    12 ||    12
Evoke: Wand              |    15 |    10 |       ||    25
  Use: Potion            |       |       |     3 ||     3
 Stab: Sleeping          |     1 |       |     1 ||     2
       Distracted        |       |     1 |       ||     1
Armor: Leather armour    |    49 |    19 |    15 ||    83
       Scale mail        |       |    17 |       ||    17
Dodge: Dodged            |    72 |    66 |    40 ||   178
